 Dungeon Crawl Stone Soup version 0.26.0-16-gc1dbca0489 (webtiles) character file.

Game seed: 8580225625911337782

839 vvl the Insei (level 8, 0/60 HPs)
             Began as a Gnoll Transmuter on Jan 20, 2021.
             Slain by a black bear (3 damage)
             ... on level 7 of the Dungeon.
             The game lasted 00:13:09 (4524 turns).

vvl the Insei (Gnoll Transmuter)                    Turns: 4524, Time: 00:13:09

Health: 0/60       AC: 10    Str: 14    XL:     8   Next: 0%
Magic:  13/16      EV: 11    Int: 16    God:
Gold:   246        SH: 11    Dex: 16    Spells: 17/18 levels left

rFire    + + .     SeeInvis .   t - +1 trident (venom)
rCold    + . .     Faith    .   v - +2 kite shield
rNeg     + . .     Spirit   .   h - +4 ring mail {rF+}
rPois    +         Reflect  .   (helmet currently unavailable)
rElec    +         Harm     .   z - +0 cloak
rCorr    +         Rampage  .   (no gloves)
Will     .....                  (boots currently unavailable)
Stlth    ++........             (no amulet)
HPRegen  0.20/turn              b - ring of positive energy
MPRegen  0.15/turn              (no ring)

@: appendages, resistant, flying, very slightly contaminated
A: distributed training, fangs 1, horns 2, talons 2, strong nose
a: End Transformation


You were on level 7 of the Dungeon.
You had grown temporary horns.
You had grown temporary talons.
You visited 2 branches of the dungeon, and saw 7 of its levels.

You collected 246 gold pieces.

Inventory:

Hand Weapons
 t - a +1 trident of venom (weapon)
 D - a +3 hand axe
Missiles
 g - 14 silver javelins
 j - 95 bolts
Armour
 h - a +4 ring mail of fire resistance (worn)
 p - a +1 helmet (melded)
 v - a +2 kite shield (worn)
 z - a +0 cloak (worn)
Jewellery
 b - a ring of positive energy (left hand)
 u - an uncursed amulet of faith
Wands
 n - a wand of iceblast (10)
 w - a wand of random effects (19)
Scrolls
 c - 3 scrolls of teleportation {unknown}
 d - 6 scrolls of identify {unknown}
 e - a scroll of enchant armour {unknown}
 f - 2 scrolls of blinking {unknown}
 k - a scroll of remove curse {unknown}
 o - a scroll of noise {unknown}
 q - 2 scrolls of enchant weapon {unknown}
 s - a scroll of immolation {unknown}
 y - a scroll of fear {unknown}
 A - 2 scrolls of fog {unknown}
 B - a scroll of amnesia {unknown}
 C - a scroll of magic mapping {unknown}
Potions
 i - a potion of flight
 l - a potion of attraction {unknown}
 m - a potion of curing {unknown}
 r - a potion of might {unknown}
 x - a potion of lignification {unknown}


   Skills:
 + Level 3.9 Fighting
 + Level 2.8 Short Blades
 + Level 2.8 Long Blades
 + Level 2.8 Axes
 + Level 2.8 Maces & Flails
 + Level 2.8 Polearms
 + Level 2.8 Staves
 + Level 2.8 Slings
 + Level 2.8 Bows
 + Level 2.8 Crossbows
 + Level 2.8 Throwing
 + Level 2.8 Armour
 + Level 5.4 Dodging
 + Level 2.8 Stealth
 + Level 2.8 Shields
 + Level 7.2 Unarmed Combat
 + Level 5.8 Spellcasting
 + Level 2.3 Conjurations
 + Level 2.3 Hexes
 + Level 2.3 Summonings
 + Level 2.3 Necromancy
 + Level 2.3 Translocations
 + Level 4.5 Transmutations
 + Level 2.3 Fire Magic
 + Level 2.3 Ice Magic
 + Level 2.3 Air Magic
 + Level 2.3 Earth Magic
 + Level 2.3 Poison Magic
 + Level 3.1 Invocations
 + Level 2.8 Evocations


You had 17 spell levels left.
You knew the following spells:

 Your Spells              Type           Power        Failure   Level
a - Beastly Appendage     Tmut           38%          22%         1

Your spell library contained the following spells:

 Spells                   Type           Power        Failure   Level
 Wereblood                Tmut           19%          32%         2
 Spider Form              Tmut/Pois      7%           69%         3
 Ice Form                 Ice/Tmut       15%          97%         4
 Blade Hands              Tmut           9%           99%         5


Dungeon Overview and Level Annotations

Branches:
Dungeon (7/15)             Temple (1/1) D:7

Altars:
Ashenzari
Cheibriados
Dithmenos
Elyvilon
Fedhas
Gozag
Hepliaklqana
Makhleb
Nemelex Xobeh
Okawaru
Qazlal
Ru
Trog
Wu Jian
Xom
Yredelemnul
The Shining One


Innate Abilities, Weirdness & Mutations

Your experience applies equally to all skills.
You have very sharp teeth.
Your uncanny sense of smell can sniff out nearby items.
You have a pair of horns on your head.
You have razor-sharp toenails.


Message History

You barely miss the black bear. Your kick misses the black bear.
You bite the black bear.
The black bear is moderately wounded.
The ice beast hits you.
* * * LOW HITPOINT WARNING * * *
The ice beast freezes you!
* * * LOW HITPOINT WARNING * * *
The black bear bites you.
* * * LOW HITPOINT WARNING * * *
You block the black bear's attack. x2; The ice beast closely misses you.
It was a potion of flight.
You feel very buoyant.
You fly up into the air.
You block the black bear's attack. x2
The black bear claws you but does no damage.
The ice beast hits you but does no damage.
It was a potion of resistance.
You feel protected.
The black bear bites you but does no damage.
The black bear completely misses you. The black bear claws you.
You die...

#. .######## ∆
.......+
########.....#
#........._..#
#.#####......# .
∆#.#..###.....# .).
#.#..#....@Y.##.....
#.##.######h........
#.....# +O........
####.## #....#####
#.# #....#
#.##+###....#
#.....##....#
#.....##....#
#.....##....# #


You could see a black bear (very poisoned), an ice beast (poisoned) and an ogre.

Vanquished Creatures
  A sky beast (D:7)
  An ogre (D:4)
  A big kobold (D:7)
  2 bullfrogs
  A scorpion (D:4)
  A howler monkey (D:3)
  An orc priest (D:4)
  An orc wizard (D:4)
  4 worker ants (D:4)
  10 adders
  A white imp (D:7)
  An adder skeleton (D:4)
  5 worms
  2 dart slugs (D:1)
  A leopard gecko (D:4)
  10 orcs
  4 ball pythons (D:2)
  5 bats
  2 giant cockroaches
  16 goblins
  4 hobgoblins
  13 jackals
  3 quokkas
  5 frilled lizards
  8 kobolds
  A leopard gecko skeleton (D:4)
  A quokka skeleton (D:4)
  5 rats
110 creatures vanquished.

Notes
Turn   | Place    | Note
-------+----------+-------------------------------------------
     0 | D:1      | vvl the Gnoll Transmuter began the quest for the Orb.
     0 | D:1      | Reached XP level 1. HP: 17/17 MP: 6/6
   114 | D:1      | Reached XP level 2. HP: 23/23 MP: 7/7
   801 | D:1      | Reached skill level 5 in Spellcasting
   801 | D:1      | Reached XP level 3. HP: 28/28 MP: 7/9
   937 | D:2      | Reached skill level 1 in Invocations
  1256 | D:2      | Reached skill level 1 in Short Blades
  1256 | D:2      | Reached skill level 1 in Long Blades
  1256 | D:2      | Reached skill level 1 in Axes
  1256 | D:2      | Reached skill level 1 in Maces & Flails
  1256 | D:2      | Reached skill level 1 in Polearms
  1256 | D:2      | Reached skill level 1 in Staves
  1256 | D:2      | Reached skill level 1 in Slings
  1256 | D:2      | Reached skill level 1 in Bows
  1256 | D:2      | Reached skill level 1 in Crossbows
  1256 | D:2      | Reached skill level 1 in Throwing
  1256 | D:2      | Reached skill level 1 in Armour
  1256 | D:2      | Reached skill level 1 in Stealth
  1256 | D:2      | Reached skill level 1 in Shields
  1256 | D:2      | Reached skill level 1 in Evocations
  1345 | D:2      | Reached XP level 4. HP: 6/34 MP: 9/11
  1674 | D:2      | Reached skill level 1 in Conjurations
  1674 | D:2      | Reached skill level 1 in Hexes
  1674 | D:2      | Reached skill level 1 in Summonings
  1674 | D:2      | Reached skill level 1 in Necromancy
  1674 | D:2      | Reached skill level 1 in Translocations
  1674 | D:2      | Reached skill level 1 in Fire Magic
  1674 | D:2      | Reached skill level 1 in Ice Magic
  1674 | D:2      | Reached skill level 1 in Air Magic
  1674 | D:2      | Reached skill level 1 in Earth Magic
  1674 | D:2      | Reached skill level 1 in Poison Magic
  1719 | D:2      | Found a shimmering altar of Xom.
  2431 | D:3      | Reached XP level 5. HP: 40/40 MP: 10/12
  3209 | D:4      | Reached XP level 6. HP: 21/47 MP: 13/13
  3411 | D:4      | Reached skill level 5 in Dodging
  3636 | D:4      | Reached XP level 7. HP: 15/52 MP: 13/15
  3716 | D:4      | Reached skill level 7 in Unarmed Combat
  4081 | D:4      | You fall into a shaft and drop 3 floors!
  4081 | D:7      | Found a shadowy altar of Dithmenos.
  4274 | D:7      | Found a staircase to the Ecumenical Temple.
  4290 | Temple   | Entered the Ecumenical Temple
  4424 | D:6      | Found a basalt altar of Yredelemnul.
  4500 | D:7      | Found a white marble altar of Elyvilon.
  4514 | D:7      | Reached XP level 8. HP: 55/60 MP: 16/16
  4522 | D:7      | HP: 2/60 [black bear (6)]
  4524 | D:7      | Slain by a black bear

Illustrated notes

Levels and vault maps discovered:
D:1:      dpeg_arrival_round_c, layout_loops_ring
D:2:      layout_loops_ring, xom_teletrap_fun, minmay_liquid_box,
          minmay_snake_closets
D:3:      layout_loops_ring, minmay_quadrilaterals
D:4:      layout_basic
D:6:      layout_loops_ring, palyth_temple_overflow_mages,
          nicolae_overflow_hidden_temple, gammafunk_temple_overflow_pools,
          portal_sewer_entry_d, kennysheep_generic_room_8, uniq_duvessa
D:7:      layout_basic, marbit_many_paths, temple_fountains, basic_altar
Temple:   eino_temple_lava

Skill      XL: |  1  2  3  4  5  6  7 |
---------------+----------------------+-----
Spellcasting   | 5 |  5.8
Invocations    | 1 2 3 |  3.1
Short Blades   | 1 2 |  2.8
Long Blades    | 1 2 |  2.8
Axes           | 1 2 |  2.8
Maces & Flails | 1 2 |  2.8
Polearms       | 1 2 |  2.8
Staves         | 1 2 |  2.8
Slings         | 1 2 |  2.8
Bows           | 1 2 |  2.8
Crossbows      | 1 2 |  2.8
Throwing       | 1 2 |  2.8
Armour         | 1 2 |  2.8
Stealth        | 1 2 |  2.8
Shields        | 1 2 |  2.8
Evocations     | 1 2 |  2.8
Conjurations   | 1 2 |  2.3
Hexes          | 1 2 |  2.3
Summonings     | 1 2 |  2.3
Necromancy     | 1 2 |  2.3
Translocations | 1 2 |  2.3
Fire Magic     | 1 2 |  2.3
Ice Magic      | 1 2 |  2.3
Air Magic      | 1 2 |  2.3
Earth Magic    | 1 2 |  2.3
Poison Magic   | 1 2 |  2.3
Fighting       | 3 |  3.9
Transmutations | 4 |  4.5
Dodging        | 5 |  5.4
Unarmed Combat | 7 |  7.2

Action                   |  1- 3 |  4- 6 |  7- 9 || total
-------------------------+-------+-------+-------++-------
Melee: Unarmed           |    82 |    81 |       ||   163
       Bite              |     1 |    19 |    13 ||    33
       Punch             |     1 |     2 |       ||     3
       Kick              |     2 |    14 |       ||    16
       Headbutt          |       |    11 |     1 ||    12
       Trident           |       |    58 |    94 ||   152
 Cast: Beastly Appendage |     3 |    15 |     1 ||    19
  Use: Potion            |       |     1 |     2 ||     3
 Stab: Sleeping          |     3 |     4 |     4 ||    11
Armor: Robe              |     9 |     1 |       ||    10
       Ring mail         |       |    49 |    41 ||    90
Dodge: Dodged            |    41 |    73 |    41 ||   155
Block: Kite shield       |       |    19 |    52 ||    71
